 Dungeon Crawl Stone Soup version 0.18-a0-20-gaede791 (webtiles) character file.

101 Ordine the Insei (level 4, 15/41 HPs)
             Began as a Draconian Monk on Nov 2, 2015.
             Quit the game on level 6 of the Dungeon.
             The game lasted 00:06:26 (2183 turns).

Ordine the Insei (Draconian Monk)                   Turns: 2183, Time: 00:06:26

Health: 15/41      AC:  6    Str: 14    XL:     4   Next: 48%
Magic:  4/4        EV: 18    Int: 15    God:
Gold:   126        SH:  0    Dex: 19    Spells: 0 memorised, 3 levels left

rFire  . . .     SeeInvis .       - Unarmed
rCold  . . .     Clarity  .     (armour unavailable)
rNeg   . . .     SustAt   .     (no shield)
rPois  +         Gourm    .     (helmet restricted)
rElec  .         Spirit   .     (no cloak)
rCorr  .         Warding  .     e - +0 pair of gloves
rMut   .         Stasis   .     (no boots)
MR     .....                    (no amulet)
Stlth  +++.......               h - +5 ring of intelligence
                                g - ring of poison resistance

@: agile, not resistant to hostile enchantments, fairly stealthy
A: unfitting armour, cold-blooded, AC +5
a: no special abilities


You were on level 6 of the Dungeon.
You were not hungry.

You visited 1 branch of the dungeon, and saw 4 of its levels.

You collected 126 gold pieces.

Inventory:

Missiles
 f - 26 poisoned needles
 n - 2 curare-tipped needles
Armour
 e - a +0 pair of gloves (worn)
Jewellery
 g - a ring of poison resistance (left hand)
 h - a +5 ring of intelligence (right hand)
Scrolls
 c - 2 scrolls of remove curse
Potions
 i - a potion of curing
 k - a potion of agility
Comestibles
 a - 4 bread rations
 b - 3 meat rations
 d - 3 chunks of flesh
 j - a beef jerky
 l - 8 fruits


   Skills:
 + Level 4.5 Fighting
 - Level 2.6 Dodging
 - Level 1.7 Stealth
 * Level 5.2 Unarmed Combat


You had 3 spell levels left.
You didn't know any spells.

Dungeon Overview and Level Annotations

Branches:
Dungeon (6/15)
 Temple: D:4-7

Altars:
Fedhas
Qazlal
Trog
Vehumet

Annotations:
D:6 Grinder


Innate Abilities, Weirdness & Mutations

Your plain brown scales are hard (AC +5).
Your body does not fit into most forms of armour.
You are cold-blooded and may be slowed by cold attacks.


Message History

The centaur shoots a poisoned arrow.
The poisoned arrow barely misses you.
Found a stone staircase leading down.
There is an open door here.
You see here a poisoned arrow.
An orc comes into view. It is wielding a dagger.
Found 17 gold pieces.
The orc barely misses you.
A centaur opens the door.
The orc barely misses you.
The centaur shoots a poisoned arrow.
The poisoned arrow hits you.
You see here a poisoned arrow.
The centaur shoots a poisoned arrow.
The poisoned arrow hits you! The orc barely misses you.
You see here a poisoned arrow.
Found a sapphire potion.
The orc misses you.
Grinder comes into view.
Grinder shouts!
The centaur unwields an uncursed shortbow.
The centaur misses you. The orc closely misses you.
Are you sure you want to abandon this character and quit the game? (Confirm with "yes".)

#.###........##+#.....#
### ####.(...........#
#..(..........#
+.............#
#.............#
.....######.....## c
.....# #.....# .
......# #.co..# .
...... #.@...# .....
#.....# #.....# #.....#
#.....+ #.5...# #.....#
#.....#


You could see Grinder, a centaur and an orc.

Vanquished Creatures
  Jessica (D:3)
  4 adders
  A worm (D:3)
  An orc (D:3)
  9 bats
  4 giant cockroaches
  4 goblins
  4 hobgoblins (D:1)
  A quokka (D:3)
  A ball python (D:3)
  2 giant newts
  3 kobolds
  4 rats
39 creatures vanquished.

Notes
Turn   | Place    | Note
--------------------------------------------------------------
     0 | D:1      | Ordine the Draconian Monk began the quest for the Orb.
     0 | D:1      | Reached XP level 1. HP: 19/19 MP: 1/1
   400 | D:1      | Reached XP level 2. HP: 23/26 MP: 2/2
  1095 | D:2      | Reached XP level 3. HP: 33/33 MP: 3/3
  1601 | D:3      | Noticed Jessica
  1609 | D:3      | Killed Jessica
  1609 | D:3      | Reached skill level 5 in Unarmed Combat
  1609 | D:3      | Reached XP level 4. HP: 31/41 MP: 4/4
  1735 | D:3      | Found a bloodstained altar of Trog.
  1756 | D:3      | Found a radiant altar of Vehumet.
  1849 | D:3      | Found a stormy altar of Qazlal.
  1931 | D:3      | Found a blossoming altar of Fedhas.
  2150 | D:3      | You fall through a shaft for 3 floors!
  2150 | D:6      | Noticed a centaur
  2150 | D:6      | Noticed a sky beast
  2150 | D:6      | Noticed a centaur
  2181 | D:6      | Noticed Grinder
  2183 | D:6      | Quit the game

Vault maps used:
D:1:      lightli_iron_boxes, minmay_misc_feat_rugged
D:2:      grunt_decor_mini_mirrors
D:3:      grunt_temple_overflow_forces_of_nature, overflow_temple_1_default,
          overflow_temple_1_default, minmay_item_behind_shaft,
          trog_three_pillars_becter, uniq_jessica
D:6:      grunt_temple_overflow_cloverleaf, uniq_grinder, uniq_duvessa

Action                   |  1- 3 |  4- 6 || total
-------------------------+-------+-------++-------
Melee: Unarmed           |    90 |    33 ||   123
  Use: Scroll            |    10 |     3 ||    13
       Potion            |       |     2 ||     2
 Stab: Sleeping          |     4 |     4 ||     8
  Eat: Chunk             |     1 |     3 ||     4
